Map: Blackburn LE

Players

Scarlett - Winner!

  • Race: Zerg Zerg

Astrea

  • Race: Protoss Protoss

Event: DreamHack SC2 Masters 2021 Fall

VOD

Have the link to the VOD?

Description

Time

  • Played on: Aug. 8, 2021, 3:02 p.m.
  • Length: 16:09

All games in this series

Show
View Real Time Build Order
Export as new Build Order

Scarlett Zerg - Winner!

Build Orders: Hatch First, Lurkers 

Get SALT Encoding   

  12  0:00  Drone  
  13  0:12  Overlord  
  13  0:16  Drone  
  14  0:30  Drone x2  
  16  0:44  Drone  
  17  0:51  Hatchery  
  17  0:55  Drone  
  17  0:59  Drone  
  18  1:08  Extractor  
  17  1:13  Spawning Pool  
  17  1:17  Drone  
  17  1:21  Drone  
  18  1:28  Drone  
  19  1:39  Drone  
  20  1:49  Overlord  
  20  1:59  Queen  
  22  2:03  Queen  
  22  2:04  Zergling x2, Drone  
  26  2:11  Drone  
  26  2:12  Metabolic Boost  
  27  2:18  Drone  
  28  2:25  Drone x2  
  30  2:37  Hatchery  
  30  2:40  Drone  
  30  2:43  Zergling x2  
  31  2:46  Overlord  
  31  2:48  Drone  
  32  2:54  Queen  
  34  3:01  Drone  
  34  3:02  Drone  
  36  3:09  Drone x2  
  36  3:10  Queen  
  40  3:13  Drone  
  40  3:16  Overlord  
  40  3:19  Drone x2  
  43  3:22  Drone  
  44  3:35  Drone x5  
  44  3:40  Queen, Overlord  
  51  3:43  Drone  
  51  3:47  Overlord  
  52  3:50  Drone x2  
  53  4:04  Spore Crawler  
  53  4:07  Spore Crawler, Drone x7  
  58  4:13  Drone  
  58  4:14  Drone x4  
  63  4:21  Drone x3  
  66  4:26  Overlord  
  66  4:29  Overlord  
  66  4:32  Extractor  
  66  4:33  Extractor, Roach Warren  
  66  4:37  Overlord  
  66  4:38  Drone  
  63  4:39  Lair  
  62  4:47  Spore Crawler, Drone x6  
  67  5:00  Drone x6  
  70  5:10  Hatchery, Drone x2  
  70  5:12  Extractor  
  70  5:14  Extractor  
  67  5:15  Extractor, Drone x4  
  67  5:16  Evolution Chamber  
  69  5:23  Drone x2  
  69  5:24  Drone x4  
  69  5:26  Queen  
  69  5:27  Overlord  
  77  5:31  Zergling x6  
  80  5:41  Infestation Pit  
  80  5:42  Glial Reconstitution  
  79  5:43  Overseer, Zerg Missile Weapons Level 1  
  79  5:44  Drone x2  
  79  5:45  Drone x2  
  83  5:53  Overlord x3  
  83  5:58  Drone x5  
  83  6:03  Overlord x2  
  88  6:14  Roach x5  
  98  6:21  Roach x5  
  108  6:30  Hive  
  108  6:31  Roach x3  
  114  6:33  Hydralisk Den  
  114  6:35  Overlord x2  
  113  6:47  Overlord  
  113  6:48  Overlord x6  
  113  6:51  Drone  
  113  6:54  Roach x4  
  120  6:56  Ravager x5  
  120  7:01  Roach x3  
  131  7:04  Ravager x4  
  135  7:08  Roach  
  135  7:09  Roach x3  
  135  7:11  Roach  
  135  7:12  Zergling x2, Roach  
  148  7:16  Roach x3  
  148  7:21  Roach  
  148  7:22  Roach x3  
  152  7:24  Roach  
  151  7:30  Roach  
  151  7:31  Roach x4  
  151  7:34  Roach  
  151  7:35  Roach x2  
  163  7:40  Ravager  
  163  7:41  Zergling x10, Roach  
  166  7:44  Zergling x2, Roach x2  
  166  7:48  Roach x3  
  176  7:53  Roach x3  
  165  8:00  Roach x3  
  165  8:03  Roach x4  
  162  8:13  Zergling x6  
  162  8:15  Zerg Missile Weapons Level 2  
  162  8:16  Extractor x2  
  163  8:24  Roach x6  
  172  8:27  Hatchery  
  172  8:33  Drone x2  
  172  8:34  Lurker Den, Drone x4  
  173  8:35  Drone  
  175  8:44  Roach x7  
  183  8:53  Zergling x6  
  183  8:54  Zergling x6  
  183  8:55  Viper  
  184  8:59  Queen  
  186  9:06  Roach x6  
  195  9:12  Viper  
  195  9:15  Zergling x2, Roach x4  
  200  9:21  Roach x3  
  200  9:22  Roach  
  198  9:25  Zergling x6  
  199  9:37  Seismic Spines  
  199  9:38  Evolution Chamber  
  196  9:48  Queen  
  196  9:51  Hydralisk x2  
  198  9:57  Grooved Spines  
  198  10:00  Ravager  
  193  10:20  Hydralisk x5  
  199  10:28  Viper x2  
  191  10:34  Adaptive Talons  
  191  10:35  Drone x4  
  195  10:36  Drone x5  
  195  10:39  Spine Crawler x2  
  195  10:41  Drone x4  
  197  10:44  Zerg Ground Armor Level 1, Zerg Missile Weapons Level 3  
  197  10:53  Lurker x2  
  199  11:00  Spore Crawler  
  199  11:01  Spine Crawler x2  
  196  11:08  Muscular Augments  
  187  11:17  Hydralisk x3  
  193  11:20  Lurker x4  
  193  11:24  Spine Crawler  
  193  11:25  Drone x5, Spine Crawler  
  196  11:27  Spore Crawler  
  196  11:28  Spore Crawler x3  
  196  11:36  Overseer x4  
  196  11:37  Pneumatized Carapace  
  192  11:52  Hydralisk x4  
  192  12:04  Hydralisk x10  
  173  12:17  Hydralisk  
  173  12:18  Zergling x10, Hydralisk x3  
  173  12:19  Zergling x12  
  182  12:26  Hydralisk x4  
  182  12:27  Hydralisk  
  155  12:40  Zergling x10  
  155  12:44  Zerg Melee Weapons Level 1  
  153  12:50  Extractor x2  
  153  12:51  Queen, Drone  
  153  12:52  Drone x2  
  153  12:54  Drone  
  153  12:55  Lurker x2  
  153  12:56  Lurker  
  153  12:58  Zergling x4, Roach x2  
  166  13:11  Lurker x3  
  166  13:12  Zergling x24  
  179  13:21  Zergling x10, Zerg Ground Armor Level 2  
  184  13:31  Hydralisk x8  
  181  13:43  Hydralisk x8  
  185  13:58  Lurker x4  
  188  14:23  Hydralisk x6  
  200  14:28  Spire  
  200  14:29  Hatchery  
  194  14:33  Hydralisk x3  
  191  14:47  Hydralisk x6  
  191  14:48  Hydralisk  
  199  14:54  Zergling x2  
  197  15:00  Hydralisk x4  
  197  15:04  Hydralisk x6  
  188  15:09  Viper  
  188  15:10  Viper  
  168  15:24  Hydralisk x5  
  168  15:25  Hydralisk  
  171  15:34  Hydralisk  
  171  15:35  Hydralisk x3  
  171  15:41  Overseer  
Show
View Real Time Build Order
Export as new Build Order

Astrea Protoss 

Build Orders: 1 Gate Expand, Oracle Opening 

Get SALT Encoding   

  12  0:00  Probe  
  13  0:12  Probe  
  14  0:19  Pylon  
  14  0:24  Probe  
  15  0:37  Probe (Chrono Boost)  
  15  0:41  Gateway  
  16  0:47  Probe (Chrono Boost)  
  17  0:50  Assimilator  
  17  0:52  Probe (Chrono Boost)  
  18  1:04  Probe  
  19  1:16  Probe  
  20  1:28  Nexus  
  20  1:31  Probe  
  21  1:41  Cybernetics Core  
  21  1:46  Assimilator  
  21  1:49  Probe  
  22  1:57  Pylon  
  22  2:01  Probe  
  23  2:12  Probe  
  23  2:14  Adept (Chrono Boost)  
  24  2:20  Probe  
  24  2:22  Stargate  
  26  2:29  Probe (Chrono Boost)  
  27  2:31  Warp Gate  
  28  2:37  Adept  
  28  2:40  Probe (Chrono Boost)  
  32  2:48  Probe (Chrono Boost)  
  32  2:50  Probe (Chrono Boost)  
  33  2:54  Probe (Chrono Boost)  
  33  2:57  Probe  
  34  3:03  Oracle (Chrono Boost)  
  35  3:06  Probe  
  35  3:08  Adept  
  35  3:10  Probe  
  42  3:14  Pylon  
  42  3:18  Probe  
  43  3:22  Probe  
  43  3:27  Gateway, Void Ray (Chrono Boost)  
  44  3:30  Probe  
  45  3:37  Probe  
  50  3:44  Probe  
  51  3:49  Probe  
  51  3:50  Pylon  
  52  3:56  Probe  
  52  4:01  Probe  
  54  4:07  Nexus  
  54  4:08  Probe  
  55  4:13  Probe  
  56  4:18  Assimilator  
  56  4:19  Pylon  
  56  4:20  Probe  
  56  4:23  Assimilator  
  57  4:25  Sentry, Probe  
  57  4:28  Sentry  
  62  4:37  Probe  
  62  4:38  Probe  
  64  4:40  Forge, Twilight Council  
  64  4:45  Pylon  
  64  4:49  Probe  
  64  4:50  Probe  
  66  4:58  Gateway  
  66  4:59  Gateway  
  66  5:01  Probe  
  66  5:02  Probe  
  66  5:04  Blink (Chrono Boost)  
  68  5:10  Protoss Ground Weapons Level 1 (Chrono Boost)  
  70  5:14  Probe (Chrono Boost)  
  70  5:15  Probe (Chrono Boost)  
  70  5:20  Probe (Chrono Boost)  
  71  5:21  Robotics Facility  
  73  5:31  Probe x2 (Chrono Boost)  
  73  5:32  Probe (Chrono Boost)  
  73  5:33  Sentry x2  
  78  5:36  Pylon, Probe (Chrono Boost)  
  78  5:38  Probe x2 (Chrono Boost)  
  81  5:46  Probe  
  81  5:49  Probe  
  83  5:50  Gateway, Probe  
  83  5:54  Gateway  
  83  5:55  Gateway  
  83  5:56  Gateway  
  84  6:01  Stalker x4  
  92  6:06  Pylon  
  92  6:09  Assimilator, Observer (Chrono Boost)  
  93  6:14  Assimilator  
  93  6:15  Probe x3  
  93  6:16  Pylon  
  96  6:22  Warp Prism (Chrono Boost)  
  96  6:25  Pylon  
  98  6:29  Stalker x3  
  104  6:32  Stalker  
  104  6:36  Photon Cannon  
  106  6:44  Pylon  
  103  6:54  Stalker x6  
  115  7:02  Protoss Ground Weapons Level 2 (Chrono Boost), Stalker x2  
  117  7:24  Stalker x6  
  117  7:26  Stalker  
  131  7:31  Stalker  
  125  7:55  Stalker x5  
  125  7:56  Stalker  
  131  7:59  Warp Prism (Chrono Boost)  
  115  8:13  Charge (Chrono Boost)  
  115  8:15  Robotics Bay  
  115  8:16  Robotics Facility  
  115  8:22  Nexus  
  115  8:29  Stalker x7  
  127  8:36  Probe x2  
  127  8:40  Pylon  
  129  8:41  Pylon  
  129  8:42  Pylon  
  121  8:58  Stalker x7  
  121  9:01  Shield Battery  
  135  9:07  Disruptor x2 (Chrono Boost)  
  135  9:26  Protoss Ground Weapons Level 3 (Chrono Boost)  
  135  9:32  Zealot  
  135  9:33  Zealot x6  
  135  9:37  Pylon x2  
  149  9:47  Nexus  
  143  9:58  Pylon  
  143  10:05  Probe x2  
  143  10:06  Stalker x7, Probe  
  154  10:17  Probe  
  154  10:19  Disruptor (Chrono Boost)  
  146  10:32  Probe  
  146  10:33  Disruptor (Chrono Boost)  
  148  10:39  Probe x2  
  146  10:42  Templar Archives, Shield Battery  
  146  10:44  Shield Battery  
  146  10:48  Assimilator  
  142  10:51  Probe x2  
  142  10:52  Assimilator  
  142  10:53  Disruptor (Chrono Boost)  
  142  10:55  Pylon  
  147  10:58  Photon Cannon  
  147  11:00  Disruptor (Chrono Boost)  
  148  11:10  Psionic Storm  
  141  11:14  Probe  
  141  11:16  Probe  
  141  11:20  Disruptor (Chrono Boost), Photon Cannon  
  141  11:21  Photon Cannon  
  141  11:22  Photon Cannon  
  144  11:25  Zealot x4  
  144  11:26  Zealot x3  
  158  11:38  Disruptor  
  161  11:42  Shield Battery  
  161  11:44  Pylon  
  159  11:48  Disruptor  
  158  11:56  High Templar  
  158  11:57  High Templar x3  
  142  12:20  Stalker, Zealot x3  
  146  12:29  Observer x2 (Chrono Boost)  
  139  12:33  Protoss Shields Level 1  
  135  12:43  Nexus  
  133  12:46  Observer  
  133  12:47  Pylon  
  133  12:50  High Templar x2  
  133  12:51  High Templar  
  139  12:53  Probe x2  
  139  12:54  Probe  
  139  12:57  Protoss Air Weapons Level 1 (Chrono Boost)  
  142  13:02  Assimilator  
  142  13:04  Assimilator, Fleet Beacon  
  142  13:05  Probe  
  142  13:06  Probe  
  142  13:07  Stargate  
  142  13:08  Shield Battery, Stargate  
  142  13:11  Photon Cannon  
  144  13:13  Pylon  
  144  13:31  Zealot x8  
  156  13:43  Observer  
  145  13:53  Archon, Carrier x2 (Chrono Boost)  
  145  13:55  Observer  
  142  14:00  Photon Cannon  
  142  14:01  Photon Cannon  
  154  14:03  Photon Cannon  
  154  14:05  Shield Battery, Carrier (Chrono Boost)  
  160  14:15  Photon Cannon  
  160  14:30  Observer  
  150  14:42  Zealot x5  
  156  14:48  Carrier (Chrono Boost)  
  156  14:49  Zealot x3  
  153  14:58  Carrier (Chrono Boost)  
  145  15:06  Observer  
  131  15:19  Archon, Zealot x6  
  139  15:25  Probe x3  
  124  15:37  Probe  
  103  15:58  High Templar x5  

Tags
 
Add a new tag
Caveats
  • Supply blocks, unpowered buildings, or Contaminate may cause inaccurate times.
  • Supply counts are checked every 10 seconds.